PUB
HOUSTON COLT .45S @ SEATTLE RAINIERS
08/13/1972
 
TOP OF THE 1ST
Houston Colt .45s batting - Pitching for Seattle Rainiers : LHP Pedro Peña
Pitching: LHP Pedro Peña
Batting: RHB Darby Moore 0-0: Ball
1-0: Called Strike
1-1: Called Strike
1-2: Ball
2-2: Strikes out swinging
Batting: SHB Eric Tucker 0-0: Called Strike
0-1: Swinging Strike
0-2: Ball
1-2: Strikes out swinging
Batting: RHB Nobuhisa Fujii 0-0: Foul Ball, location: 2F
0-1: Fly out, F9 (Flyball, 9D, EV 83.8 MPH)
Top of the 1st over - 0 runs, 0 hits, 0 errors, 0 left on base; Houston 0 - Seattle 0
BOTTOM OF THE 1ST
Seattle Rainiers batting - Pitching for Houston Colt .45s : RHP Ryan Mullins
Pitching: RHP Ryan Mullins
Batting: LHB Leland Pearson 0-0: Ball
1-0: Called Strike
1-1: Called Strike
1-2: Strikes out swinging
Batting: LHB Ricardo Castro 0-0: Called Strike
0-1: SINGLE (Groundball, 6M, EV 106.9 MPH) (infield hit)
Batting: SHB Raúl Díaz 0-0: Ball
1-0: Ball
2-0: Foul Ball, location: 2F
2-1: Foul Ball, location: 7LDF
2-2: Foul Ball, location: 2F
2-2: Fly out, F7 (Flyball, 7, EV 90.0 MPH)
Batting: LHB Ralph Boardman 0-0: Called Strike
0-1: Ball
1-1: Ball
2-1: Swinging Strike
2-2: Strikes out swinging
Bottom of the 1st over - 0 runs, 1 hit, 0 errors, 1 left on base; Houston 0 - Seattle 0
TOP OF THE 2ND
Houston Colt .45s batting - Pitching for Seattle Rainiers : LHP Pedro Peña
Batting: RHB Virgil McDonald 0-0: Ball
1-0: Called Strike
1-1: Foul Ball, location: 2F
1-2: Ball
2-2: Foul Ball, location: 2F
2-2: Ground out 6-3 (Groundball, 6, EV 87.5 MPH)
Batting: SHB Michael Trusty 0-0: Ball
1-0: Swinging Strike
1-1: Called Strike
1-2: Fly out, F9 (Flyball, 9D, EV 111.3 MPH)
Batting: SHB Allen Brown 0-0: Foul Ball, location: 9LDF
0-1: Fly out, F9 (Flyball, 89M, EV 86.9 MPH)
Top of the 2nd over - 0 runs, 0 hits, 0 errors, 0 left on base; Houston 0 - Seattle 0
BOTTOM OF THE 2ND
Seattle Rainiers batting - Pitching for Houston Colt .45s : RHP Ryan Mullins
Batting: RHB Ron Santo 0-0: Called Strike
0-1: Fly out, F9 (Line Drive, 9S, EV 103.1 MPH)
Batting: RHB Aaron Andrews 0-0: Called Strike
0-1: Foul Ball, location: 7LSF
0-2: Ball
1-2: Strikes out looking
Batting: LHB Tom Haller 0-0: Ball
1-0: Foul Ball, location: 7LSF
1-1: Foul Ball, location: 3DF
1-2: Ball
2-2: Ground out 2-3 (Groundball, 2L, EV 70.6 MPH)
Bottom of the 2nd over - 0 runs, 0 hits, 0 errors, 0 left on base; Houston 0 - Seattle 0
TOP OF THE 3RD
Houston Colt .45s batting - Pitching for Seattle Rainiers : LHP Pedro Peña
Batting: SHB Bob Saverine 0-0: Ball
1-0: Foul Ball, location: 23F
1-1: Ball
2-1: Ball
3-1: Foul Ball, location: 2RF
3-2: Strikes out swinging
Batting: RHB Millard Taylor 0-0: Called Strike
0-1: Swinging Strike
0-2: Strikes out swinging
Batting: RHB Ryan Mullins 0-0: Called Strike
0-1: Foul Ball, location: 23F
0-2: Ball
1-2: Ball
2-2: Ground out 1-3 (Groundball, 13S, EV 66.9 MPH)
Top of the 3rd over - 0 runs, 0 hits, 0 errors, 0 left on base; Houston 0 - Seattle 0
BOTTOM OF THE 3RD
Seattle Rainiers batting - Pitching for Houston Colt .45s : RHP Ryan Mullins
Batting: RHB Buddy Bell 0-0: Ball
1-0: Ball
2-0: Ball
3-0: Called Strike
3-1: Foul Ball, location: 2F
3-2: Strikes out swinging
Batting: SHB Pedro Peña 0-0: Ball
1-0: Swinging Strike
1-1: Ball
2-1: SINGLE (Line Drive, 7S, EV 92.5 MPH)
Batting: LHB Leland Pearson 0-0: Ball
1-0: Called Strike
1-1: Ball
2-1: Ball
3-1: Swinging Strike
3-2: Foul Ball, location: 2F
3-2: Fly out, F6 (Popup, 6S, EV 83.1 MPH)
Batting: LHB Ricardo Castro 0-0: Ball
1-0: Called Strike
1-1: Called Strike
1-2: 2-RUN HOME RUN (Flyball, 9LD, EV 90.6 MPH), Distance : 346 ft
Batting: SHB Raúl Díaz 0-0: Fly out, F3 (Line Drive, 34, EV 73.8 MPH)
Bottom of the 3rd over - 2 runs, 2 hits, 0 errors, 0 left on base; Houston 0 - Seattle 2
TOP OF THE 4TH
Houston Colt .45s batting - Pitching for Seattle Rainiers : LHP Pedro Peña
Batting: RHB Darby Moore 0-0: Ball
1-0: Ground out 4-3 (Groundball, 4, EV 110.6 MPH)
Batting: SHB Eric Tucker 0-0: Ball
1-0: Ball
2-0: Called Strike
2-1: Ball
3-1: Base on Balls
Batting: RHB Nobuhisa Fujii 0-0: Ball
Eric Tucker steals 2nd base
1-0: Swinging Strike
1-1: Called Strike
1-2: Strikes out swinging
Batting: RHB Virgil McDonald 0-0: Swinging Strike
0-1: Foul Ball, location: 2F
0-2: Strikes out looking
Top of the 4th over - 0 runs, 0 hits, 0 errors, 1 left on base; Houston 0 - Seattle 2
BOTTOM OF THE 4TH
Seattle Rainiers batting - Pitching for Houston Colt .45s : RHP Ryan Mullins
Batting: LHB Ralph Boardman 0-0: Ball
1-0: Foul Ball, location: 2F
1-1: Ball
2-1: Fly out, F7 (Flyball, 78M, EV 95.6 MPH)
Batting: RHB Ron Santo 0-0: Called Strike
0-1: Foul Ball, location: 2F
0-2: Ball
1-2: Strikes out swinging
Batting: RHB Aaron Andrews 0-0: Called Strike
0-1: Ball
1-1: Ball
2-1: Foul Ball, location: 2RF
2-2: Fly out, F9 (Flyball, 9, EV 94.4 MPH)
Bottom of the 4th over - 0 runs, 0 hits, 0 errors, 0 left on base; Houston 0 - Seattle 2
TOP OF THE 5TH
Houston Colt .45s batting - Pitching for Seattle Rainiers : LHP Pedro Peña
Batting: SHB Michael Trusty 0-0: Called Strike
0-1: Ball
1-1: Ball
2-1: Foul Ball, location: 5FF
2-2: Foul Ball, location: 9LDF
2-2: Ground out 6-3 (Groundball, 6, EV 101.9 MPH)
Batting: SHB Allen Brown 0-0: Ball
1-0: Called Strike
1-1: Foul Ball, location: 9LMF
1-2: Strikes out swinging
Batting: SHB Bob Saverine 0-0: Called Strike
0-1: Foul Ball, location: 9LDF
0-2: DOUBLE (Line Drive, 3D, EV 95.6 MPH)
Batting: RHB Millard Taylor 0-0: Ball
1-0: Called Strike
1-1: Ball
2-1: Foul Ball, location: 25F
2-2: Strikes out swinging
Top of the 5th over - 0 runs, 1 hit, 0 errors, 1 left on base; Houston 0 - Seattle 2
BOTTOM OF THE 5TH
Seattle Rainiers batting - Pitching for Houston Colt .45s : RHP Ryan Mullins
Batting: LHB Tom Haller 0-0: Ball
1-0: Ball
2-0: Foul Ball, location: 7LMF
2-1: Called Strike
2-2: Foul Ball, location: 2F
2-2: Ground out 4-3 (Groundball, 4S, EV 84.4 MPH)
Batting: RHB Buddy Bell 0-0: Ball
1-0: Swinging Strike
1-1: Ball
2-1: SINGLE (Groundball, 4S, EV 71.3 MPH) (infield hit)
Batting: SHB Pedro Peña 0-0: Sac Bunt to 15S - play at first, batter OUT! 1-3
Buddy Bell to second
Batting: LHB Leland Pearson 0-0: Ground out 6-3 (Groundball, 6MD, EV 106.9 MPH)
Bottom of the 5th over - 0 runs, 1 hit, 0 errors, 1 left on base; Houston 0 - Seattle 2
TOP OF THE 6TH
Houston Colt .45s batting - Pitching for Seattle Rainiers : LHP Pedro Peña
Batting: RHB Ryan Mullins 0-0: SINGLE (Flyball, 9LS, EV 93.1 MPH)
Batting: RHB Darby Moore 0-0: Ball
1-0: Called Strike
1-1: Ball
2-1: Ball
3-1: Base on Balls
Ryan Mullins to second
Batting: SHB Eric Tucker 0-0: Sac Bunt to 25 - play at first, batter OUT! 5-3
Ryan Mullins to third
Darby Moore to second
Batting: RHB Nobuhisa Fujii 0-0: Called Strike
0-1: Foul Ball, location: 2F
0-2: Foul Ball, location: 7LSF
0-2: Ball
1-2: Strikes out swinging
Batting: RHB Virgil McDonald 0-0: Ball
1-0: Swinging Strike
1-1: Swinging Strike
1-2: Ball
2-2: Strikes out looking
Top of the 6th over - 0 runs, 1 hit, 0 errors, 2 left on base; Houston 0 - Seattle 2
BOTTOM OF THE 6TH
Seattle Rainiers batting - Pitching for Houston Colt .45s : RHP Ryan Mullins
Batting: LHB Ricardo Castro 0-0: Ball
1-0: Ground out 3-1 (Groundball, 34, EV 106.9 MPH)
Batting: SHB Raúl Díaz 0-0: Ball
1-0: Fly out, F8 (Flyball, 8RXD, EV 110.0 MPH)
Batting: LHB Ralph Boardman 0-0: Ball
1-0: Foul Ball, location: 2F
1-1: Fly out, F8 (Flyball, 8LD, EV 105.6 MPH)
Bottom of the 6th over - 0 runs, 0 hits, 0 errors, 0 left on base; Houston 0 - Seattle 2
TOP OF THE 7TH
Houston Colt .45s batting - Pitching for Seattle Rainiers : LHP Pedro Peña
Now at 1B: Chris Chambliss
Now in CF: Allan Fanner
Now in RF: Buddy Bell
Batting: SHB Michael Trusty 0-0: Called Strike
0-1: Foul Ball, location: 3SF
0-2: Strikes out looking
Pitching: RHP Xavier Reece
Batting: SHB Allen Brown 0-0: Called Strike
0-1: SOLO HOME RUN (Flyball, 7D, EV 100.6 MPH), Distance : 390 ft
Batting: SHB Bob Saverine 0-0: Ball
1-0: SINGLE (Line Drive, 7S, EV 101.3 MPH)
Batting: RHB Millard Taylor 0-0: Ball
1-0: Ball
2-0: SINGLE (Groundball, 4MD, EV 100.0 MPH)
Bob Saverine to second
Batting: RHB Ryan Mullins 0-0: Sac Bunt to 3S - play at first, batter OUT! 3-4
Bob Saverine to third
Millard Taylor to second
Batting: RHB Darby Moore 0-0: Called Strike
0-1: Foul Ball, location: 2RF
0-2: Ball
1-2: Ball
2-2: Foul Ball, location: 3FF
2-2: Ball
3-2: SINGLE (Line Drive, 6MD, EV 98.8 MPH)
Bob Saverine scores
Millard Taylor to third
Runner from 3rd tries for Home, SAFE, throw by CF to home
Darby Moore to second
Batting: SHB Eric Tucker 0-0: Ball
1-0: Called Strike
1-1: Ball
2-1: Called Strike
2-2: Ball
3-2: Ground out 6-3 (Groundball, 6, EV 79.4 MPH)
Top of the 7th over - 3 runs, 4 hits, 0 errors, 1 left on base; Houston 3 - Seattle 2
BOTTOM OF THE 7TH
Seattle Rainiers batting - Pitching for Houston Colt .45s : RHP Ryan Mullins
Batting: RHB Ron Santo 0-0: Ball
1-0: Ball
2-0: SINGLE (Groundball, 3D, EV 95.0 MPH)
Batting: RHB Aaron Andrews 0-0: Bunt missed!
0-1: Sac Bunt to 13 - play at first, batter OUT! 1-3
Ron Santo to second
Pitching: RHP Luis Reyes
Batting: LHB Tom Haller 0-0: Called Strike
0-1: Ball
1-1: Swinging Strike
1-2: Strikes out swinging
Batting: RHB Buddy Bell 0-0: DOUBLE (Line Drive, 89D, EV 100.0 MPH)
Ron Santo scores
Pinch Hitting: LHB Ted Kern 0-0: Called Strike
0-1: Ball
1-1: Foul Ball, location: 9LMF
1-2: Strikes out swinging
Bottom of the 7th over - 1 run, 2 hits, 0 errors, 1 left on base; Houston 3 - Seattle 3
TOP OF THE 8TH
Houston Colt .45s batting - Pitching for Seattle Rainiers : RHP Xavier Reece
Pitching: RHP Dave Boswell
Batting: RHB Nobuhisa Fujii 0-0: Called Strike
0-1: Foul Ball, location: 3FF
0-2: Fly out, F8 (Line Drive, 8RD, EV 90.0 MPH)
Batting: RHB Virgil McDonald 0-0: Foul Ball, location: 2F
0-1: Ball
1-1: Foul Ball, location: 3F
1-2: Strikes out swinging
Batting: SHB Michael Trusty 0-0: Called Strike
0-1: Ball
1-1: Ball
2-1: Swinging Strike
2-2: Ball
3-2: Strikes out swinging
Top of the 8th over - 0 runs, 0 hits, 0 errors, 0 left on base; Houston 3 - Seattle 3
BOTTOM OF THE 8TH
Seattle Rainiers batting - Pitching for Houston Colt .45s : RHP Luis Reyes
Batting: LHB Leland Pearson 0-0: Called Strike
0-1: Ball
1-1: Ball
2-1: Foul Ball, location: 25F
2-2: DOUBLE (Line Drive, 78D, EV 107.5 MPH)
Batting: LHB Chris Chambliss 0-0: Called Strike
0-1: Called Strike
0-2: Fly out, F9 (Flyball, 9LM, EV 100.0 MPH)
Runner from 2nd tags up, SAFE at 3rd, no throw by RF
Batting: SHB Raúl Díaz 0-0: Intentional Walk
Batting: RHB Allan Fanner 0-0: Ball
Raúl Díaz is caught stealing 2nd base 2-4
1-0: Ball
2-0: Swinging Strike
2-1: Foul Ball, location: 2LF
2-2: Strikes out swinging
Bottom of the 8th over - 0 runs, 1 hit, 0 errors, 1 left on base; Houston 3 - Seattle 3
TOP OF THE 9TH
Houston Colt .45s batting - Pitching for Seattle Rainiers : RHP Dave Boswell
Batting: SHB Allen Brown 0-0: Ball
1-0: Called Strike
1-1: Called Strike
1-2: Ball
2-2: Strikes out looking
Pinch Hitting: LHB Jeff Murphy 0-0: Called Strike
0-1: Ground out U3 (Groundball, 34S, EV 85.0 MPH)
Pinch Hitting: LHB Edgardo Vázquez 0-0: Swinging Strike
0-1: Called Strike
0-2: Ball
1-2: Strikes out looking
Top of the 9th over - 0 runs, 0 hits, 0 errors, 0 left on base; Houston 3 - Seattle 3
BOTTOM OF THE 9TH
Seattle Rainiers batting - Pitching for Houston Colt .45s : RHP Luis Reyes
Now at C: Edgardo Vázquez
Now in CF: Juan Rodríguez
Batting: RHB Ron Santo 0-0: Ball
1-0: Called Strike
1-1: Foul Ball, location: 5DF
1-2: Ball
2-2: Foul Ball, location: 9LSF
2-2: Foul Ball, location: 2F
2-2: Ball
3-2: Foul Ball, location: 3SF
3-2: Foul Ball, location: 25FF
3-2: Foul Ball, location: 2F
3-2: Foul Ball, location: 2F
3-2: Strikes out looking
Batting: RHB Aaron Andrews 0-0: Called Strike
0-1: Ball
1-1: DOUBLE (Flyball, 8RXD, EV 99.4 MPH)
Batting: LHB Tom Haller 0-0: SINGLE (Flyball, 8LS, EV 99.4 MPH)
Aaron Andrews to third
Runner from 3rd tries for Home, SAFE, throw by CF to home
Bottom of the 9th over - 1 run, 2 hits, 0 errors, 1 left on base; Houston 3 - Seattle 4
Tuesday, April 23rd , 2024 - OOTP Baseball 24.8 Build 75